[Event "ICC tourney 2803 (60 5)"]
[Site "Internet Chess Club"]
[Date "2022.01.22"]
[Round "3"]
[White "CALHOUN, LUKE:Alacritous"]
[Black "LIU, ERIC CHANG:el008"]
[Result "0-1"]
[ICCResult "White checkmated"]
[WhiteElo "2231"]
[BlackElo "1954"]
[Opening "Catalan: closed, 7.Qc2"]
[ECO "E08"]
[NIC "CA.04"]
[Time "17:00:18"]
[PlyCount "116"]
[TimeControl "3600+5"]

1. d4 d5 2. c4 e6 3. Nf3 Nf6 4. g3 Be7 5. Bg2 O-O 6. O-O Nbd7 7. Qc2 c6 8.
Nc3 dxc4 9. a4 Nd5 10. Nd2 Nb4 11. Qd1 e5 12. d5 cxd5 13. Nxd5 Nxd5 14. Bxd5
Nb6 15. Bg2 a5 16. Qc2 Qc7 17. b3 Be6 18. Nxc4 Nxc4 19. bxc4 Qxc4 20. Qxc4
Bxc4 21. Bxb7 Rab8 22. Bf3 f5 23. Bd2 e4 24. Bg2 Bb4 25. Bxb4 axb4 26. Rfe1
b3 27. Reb1 b2 28. Ra3 Bxe2 29. Ra2 Rfc8 30. Bf1 Rc1 31. Raxb2 Rxf1+ 32.
Rxf1 Rxb2 33. Ra1 Rd2 34. a5 Rd1+ 35. Rxd1 Bxd1 36. a6 Ba4 37. a7 Bc6 38.
Kf1 Kf7 39. Ke2 Ke6 40. Ke3 Ke5 41. h3 g5 42. Kd2 Kd4 43. Ke2 f4 44. h4 fxg3
45. fxg3 gxh4 46. gxh4 e3 47. Ke1 Kd3 48. Kd1 e2+ 49. Ke1 h5 50. Kf2 Kd2 51.
Kg3 e1=Q+ 52. Kf4 Qxh4+ 53. Ke5 Qe7+ 54. Kf5 Ke3 55. Kg6 Kf4 56. Kh6 Kf5 57.
a8=N Bxa8 58. Kxh5 Qh7# {White checkmated} 0-1

[Event "ICC tourney 2803 (60 5)"]
[Site "Internet Chess Club"]
[Date "2022.01.22"]
[Round "3"]
[White "Chin, Spencer:Baseballchamp"]
[Black "LI, DAVID TONGJIA:UltimateDL"]
[Result "0-1"]
[ICCResult "White resigns"]
[WhiteElo "1801"]
[BlackElo "1886"]
[Opening "Sicilian: Alapin's variation (2.c3)"]
[ECO "B22"]
[NIC "SI.46"]
[Time "17:00:10"]
[PlyCount "88"]
[TimeControl "3600+5"]

1. e4 c5 2. c3 d5 3. exd5 Qxd5 4. d4 Nc6 5. Nf3 Bf5 6. Na3 cxd4 7. Bc4 Qe4+
8. Be3 e6 9. cxd4 Bb4+ 10. Ke2 Bg4 11. Nc2 Ba5 12. b4 Bb6 13. Qd3 Bxf3+ 14.
gxf3 Qxd3+ 15. Kxd3 Rd8 16. Kc3 Nge7 17. b5 Na5 18. Bd3 Rc8+ 19. Kd2 O-O 20.
Be4 Nc4+ 21. Ke2 Nd6 22. Kd2 Nef5 23. Rac1 Nxe4+ 24. fxe4 Nd6 25. f3 Nxb5
26. Kd3 Rfd8 27. a4 Nxd4 28. Nxd4 Rxc1 29. Rxc1 e5 30. Rb1 exd4 31. Bd2 Rd7
32. Rb5 f6 33. a5 Bd8 34. Rd5 Rxd5 35. exd5 Kf7 36. Kxd4 b6 37. a6 Ke7 38.
Bf4 Kd7 39. d6 Kc6 40. d7 Kxd7 41. Bb8 Kc6 42. Bxa7 Bc7 43. Kc4 Bxh2 44. Kb4
Bf4 {White resigns} 0-1

[Event "ICC tourney 2803 (60 5)"]
[Site "Internet Chess Club"]
[Date "2022.01.22"]
[Round "3"]
[White "DORASZELSKI, ALEXANDER:alexdora"]
[Black "LODH, ANISH:KnightHawk8"]
[Result "1-0"]
[ICCResult "Black resigns"]
[WhiteElo "2150"]
[BlackElo "1895"]
[Opening "Scotch: Blumenfeld attack"]
[ECO "C45"]
[NIC "SO.05"]
[Time "17:00:35"]
[PlyCount "81"]
[TimeControl "3600+5"]

1. e4 e5 2. Nf3 Nc6 3. d4 exd4 4. Nxd4 Bc5 5. Be3 Qf6 6. Nb5 Bxe3 7. fxe3
Qh4+ 8. Kd2 Qd8 9. Qg4 Nf6 10. Qxg7 Rg8 11. Qh6 Rg6 12. Qf4 d6 13. N1c3 a6
14. Nd4 Rg4 15. Qf2 d5 16. h3 Rxe4 17. Bd3 Re5 18. Nxc6 bxc6 19. Raf1 Re6
20. Kc1 Qe7 21. Bf5 Rd6 22. Bd3 Rb8 23. g4 c5 24. g5 Ne4 25. Bxe4 dxe4 26.
Qf4 Rb4 27. h4 Rdb6 28. Nd5 Qe6 29. Nxc7+ Kd8 30. Nxe6+ Bxe6 31. Rd1+ Kc8
32. b3 c4 33. Rd6 Rb8 34. Rhd1 Kb7 35. Qxe4+ Ka7 36. Rd7+ Bxd7 37. Rxd7+ Kb6
38. Qd4+ Ka5 39. Rd5+ R4b5 40. Rxb5+ Rxb5 41. Qxc4 {Black resigns} 1-0

[Event "ICC tourney 2803 (60 5)"]
[Site "Internet Chess Club"]
[Date "2022.01.22"]
[Round "3"]
[White "GUIPI BOPALA, PRINCE ERIC:bopala"]
[Black "RAMASWAMY, PUDUR:clair"]
[Result "1-0"]
[ICCResult "Black checkmated"]
[WhiteElo "1850"]
[BlackElo "1764"]
[Opening "Modern defense"]
[ECO "A40"]
[NIC "QO.17"]
[Time "17:01:41"]
[PlyCount "137"]
[TimeControl "3600+5"]

1. d4 g6 2. c4 c5 3. d5 Bg7 4. Nc3 b5 5. cxb5 d6 6. e4 a6 7. bxa6 Qa5 8.
Bb5+ Bd7 9. Bxd7+ Nxd7 10. Ne2 Ngf6 11. O-O O-O 12. Be3 Rfb8 13. Rb1 Rxa6
14. Qc2 Raa8 15. h3 Nb6 16. b3 Nfd7 17. a4 Rc8 18. Rfc1 Nb8 19. Bd2 Qa6 20.
Be3 Qa5 21. Na2 Na6 22. Bd2 Nb4 23. Qd1 Rab8 24. Qe1 Nd7 25. Nxb4 cxb4 26.
Rxc8+ Rxc8 27. Bxb4 Qa8 28. Rc1 Ne5 29. Rxc8+ Qxc8 30. Qd2 Qb7 31. Nd4 Nd7
32. Nc6 h5 33. Nxe7+ Kh7 34. Nc6 Nf6 35. Qd3 Nd7 36. a5 Bf8 37. a6 Qb6 38.
a7 Qb7 39. Qd4 Nb6 40. Bc3 f6 41. Qxf6 Bg7 42. Qxg7+ Qxg7 43. Bxg7 Kxg7 44.
Kf1 Kf7 45. Ke2 Ke8 46. Ke3 Kd7 47. Kf4 Ke8 48. Ke3 g5 49. g3 Kd7 50. f4 g4
51. hxg4 hxg4 52. f5 Ke8 53. Kf4 Kf7 54. Kxg4 Kf6 55. Kf4 Kf7 56. g4 Kf6 57.
g5+ Kf7 58. Ke3 Kg7 59. Kd3 Kf7 60. Kc3 Ke8 61. Kb4 Kd7 62. Kb5 Na8 63. g6
Nc7+ 64. Kb6 Na8+ 65. Kb7 Nc7 66. g7 Nxd5 67. exd5 Ke8 68. g8=Q+ Kd7 69.
Qd8# {Black checkmated} 1-0

[Event "ICC tourney 2803 (60 5)"]
[Site "Internet Chess Club"]
[Date "2022.01.22"]
[Round "3"]
[White "REISS, AIDEN:K09-16581243"]
[Black "EHSANI, YASSAMIN:Blue-Elephant1"]
[Result "0-1"]
[ICCResult "White resigns"]
[WhiteElo "1817"]
[BlackElo "1980"]
[Opening "Sicilian: Anderssen variation"]
[ECO "B41"]
[NIC "SI.41"]
[Time "17:00:09"]
[PlyCount "50"]
[TimeControl "3600+5"]

1. e4 c5 2. Ne2 e6 3. d4 cxd4 4. Nxd4 Nf6 5. Bd3 Nc6 6. Nxc6 dxc6 7. Bf4 Bd6
8. Bg3 Bxg3 9. hxg3 e5 10. Nd2 Qd4 11. Rb1 Be6 12. b3 O-O 13. O-O Rfd8 14.
Nf3 Qc3 15. Qe2 b5 16. Rbd1 a6 17. Ng5 Rd7 18. Nxe6 fxe6 19. g4 h6 20. f4
Qc5+ 21. Kh1 h5 22. g5 Ng4 23. f5 Qe3 24. Qd2 Qg3 25. Qf4 exf4 {White
resigns} 0-1

[Event "ICC tourney 2803 (60 5)"]
[Site "Internet Chess Club"]
[Date "2022.01.22"]
[Round "3"]
[White "Otawa, Yuto:hidedozyo"]
[Black "Belous, Vladimir:Openyagami"]
[Result "0-1"]
[ICCResult "White resigns"]
[WhiteElo "2204"]
[BlackElo "2577"]
[Opening "King's Indian: Sämisch, 5...O-O"]
[ECO "E81"]
[NIC "KI.54"]
[Time "17:00:21"]
[PlyCount "110"]
[TimeControl "3600+5"]

1. d4 Nf6 2. c4 g6 3. Nc3 Bg7 4. e4 d6 5. f3 O-O 6. Be3 c5 7. dxc5 dxc5 8.
Qxd8 Rxd8 9. Bxc5 Nc6 10. Nge2 Nd7 11. Be3 Nde5 12. Nf4 e6 13. Rc1 b6 14.
Be2 Ba6 15. b3 Nb4 16. O-O Ned3 17. Nxd3 Nxd3 18. Rcd1 Nb4 19. Rxd8+ Rxd8
20. Rc1 Bxc3 21. Rxc3 Nxa2 22. Rc2 Nb4 23. Rd2 Rxd2 24. Bxd2 Nc6 25. Bc3 e5
26. Kf2 f6 27. Ke3 Kf7 28. b4 Bc8 29. c5 bxc5 30. bxc5 Ke7 31. Bc4 Be6 32.
Bd5 Kd7 33. Kd3 a6 34. g3 g5 35. f4 exf4 36. gxf4 gxf4 37. Bxf6 a5 38. Kc4
f3 39. Bh4 a4 40. Bg3 h5 41. Kc3 Bxd5 42. exd5 Ne7 43. d6 Nd5+ 44. Kd4 Nb4
45. Ke3 a3 46. Be5 f2 47. Ke2 a2 48. Bg7 Nd3 49. Ba1 Kc6 50. Bg7 Kd7 51. Ba1
Ke6 52. Bg7 Ne5 53. d7 f1=Q+ 54. Kxf1 a1=Q+ 55. Ke2 Qa2+ {White resigns} 0-1

[Event "ICC tourney 2803 (60 5)"]
[Site "Internet Chess Club"]
[Date "2022.01.22"]
[Round "3"]
[White "SHEEHAN, ETHAN THOMAS:Chessking2008"]
[Black "HO, CARTER:corviknight"]
[Result "1/2-1/2"]
[ICCResult "Game drawn by mutual agreement"]
[WhiteElo "2197"]
[BlackElo "1932"]
[Opening "QGD Slav: Dutch variation"]
[ECO "D18"]
[NIC "SL.05"]
[Time "17:01:41"]
[PlyCount "143"]
[TimeControl "3600+5"]

1. Nf3 d5 2. c4 c6 3. d4 Nf6 4. Nc3 dxc4 5. a4 Bf5 6. e3 e6 7. Bxc4 Bb4 8.
O-O Nbd7 9. Nh4 Bg4 10. f3 Bh5 11. g4 g5 12. Ng2 Bg6 13. e4 h6 14. Be3 Qa5
15. Qb3 e5 16. d5 Nc5 17. Qc2 cxd5 18. Nxd5 Nxd5 19. Bxd5 O-O-O 20. Qc4 Kb8
21. Rfc1 Rc8 22. Qb5 Qxb5 23. axb5 a5 24. bxa6 Nxa6 25. Bc4 Rhd8 26. h4 f6
27. Bxa6 Rxc1+ 28. Rxc1 bxa6 29. Rc6 Rd6 30. Rxd6 Bxd6 31. h5 Bf7 32. Bb6
Be7 33. Ne3 Kb7 34. Ba5 Bc5 35. Kf2 Bxe3+ 36. Kxe3 Kc8 37. Bb4 Kd7 38. Bf8
Ke8 39. Bxh6 Ba2 40. Bg7 Kf7 41. h6 Kg6 42. Bf8 a5 43. Be7 Bg8 44. Bd8 a4
45. Kd2 Kf7 46. Kc3 Kg6 47. Be7 Kf7 48. Bc5 Kg6 49. Bf8 Kf7 50. Bg7 Kg6 51.
Bh8 Bb3 52. Kd3 Bg8 53. Bg7 Bb3 54. Bf8 Bf7 55. Be7 Bg8 56. Bd8 Bh7 57. Kd2
Bg8 58. Kc3 Bb3 59. h7 Kxh7 60. Bxf6 Bd1 61. Bxe5 Bxf3 62. Kd4 Bxg4 63. Bg3
Kg6 64. Kc5 Be6 65. Kd6 Kf6 66. Be5+ Kf7 67. Bd4 Bb3 68. Be3 g4 69. Bf4 Kg6
70. Bg3 Kg5 71. Ke5 Bf7 72. Kd4 {Game drawn by mutual agreement} 1/2-1/2

[Event "ICC tourney 2803 (60 5)"]
[Site "Internet Chess Club"]
[Date "2022.01.22"]
[Round "3"]
[White "HO, COOPER:arsenicblast"]
[Black "YAN, RUIYANG:jy2020"]
[Result "1/2-1/2"]
[ICCResult "Game drawn by repetition"]
[WhiteElo "1859"]
[BlackElo "2172"]
[Opening "Sicilian: Najdorf"]
[ECO "B90"]
[NIC "SI.14"]
[Time "17:00:21"]
[PlyCount "99"]
[TimeControl "3600+5"]

1. e4 c5 2. Nf3 d6 3. d4 cxd4 4. Nxd4 Nf6 5. Nc3 a6 6. f3 e5 7. Nb3 h5 8.
Be3 Be6 9. Nd5 Bxd5 10. exd5 Nbd7 11. Qd2 b6 12. Be2 g6 13. O-O Bg7 14. c4
O-O 15. Nc1 Qc7 16. Rb1 Rac8 17. b4 e4 18. f4 Ng4 19. Bd4 Nh6 20. Bxg7 Kxg7
21. Nb3 Nf5 22. Nd4 Nf6 23. Nxf5+ gxf5 24. Qd4 Rh8 25. Rb3 h4 26. g3 Rcg8
27. gxh4 Kf8+ 28. Rg3 Qd8 29. c5 bxc5 30. bxc5 Nd7 31. c6 Qxh4 32. Rxg8+
Rxg8+ 33. Kh1 Rh8 34. Rf2 Nc5 35. Bf1 Ke7 36. Qe3 Rb8 37. Rc2 Rb1 38. Rc1
Rxc1 39. Qxc1 Qf2 40. Bxa6 Nxa6 41. c7 Nxc7 42. Qxc7+ Kf6 43. Qd8+ Kg7 44.
Qg5+ Kf8 45. Qd8+ Kg7 46. Qg5+ Kh8 47. Qh6+ Kg8 48. Qg5+ Kf8 49. Qd8+ Kg7
50. Qg5+ {Game drawn by repetition} 1/2-1/2

[Event "ICC tourney 2803 (60 5)"]
[Site "Internet Chess Club"]
[Date "2022.01.22"]
[Round "3"]
[White "SHAWKAT, SAIF:saif-shawkat"]
[Black "TANG, AUSTIN:Mrpeetapizza"]
[Result "1-0"]
[ICCResult "Black resigns"]
[WhiteElo "1984"]
[BlackElo "1867"]
[Opening "Sicilian: Richter-Rauzer, Larsen variation, 7.Qd2"]
[ECO "B61"]
[NIC "SI.27"]
[Time "17:00:08"]
[PlyCount "131"]
[TimeControl "3600+5"]

1. e4 c5 2. Nf3 d6 3. d4 cxd4 4. Nxd4 Nf6 5. Nc3 Nc6 6. Bg5 Bd7 7. Qd2 Rc8
8. O-O-O Nxd4 9. Qxd4 Qa5 10. Be3 a6 11. f3 g6 12. Kb1 Bg7 13. Qd2 Be6 14.
Nd5 Qxd2 15. Rxd2 h5 16. Bd4 Bxd5 17. exd5 O-O 18. c4 Nd7 19. Bf2 Bh6 20.
Rc2 Rc7 21. Be2 Rfc8 22. Rc3 b5 23. cxb5 Rxc3 24. bxc3 axb5 25. Bxb5 Ne5 26.
Bd4 Nc4 27. Bxc4 Rxc4 28. Kb2 e5 29. dxe6 fxe6 30. Kb3 Rc8 31. a4 e5 32. Bf2
d5 33. Rd1 Rb8+ 34. Kc2 Ra8 35. Rxd5 Rxa4 36. Kb3 Ra1 37. Rxe5 Bf4 38. Re1
Rxe1 39. Bxe1 Bxh2 40. Kc4 Kf7 41. Kd5 g5 42. Kc6 g4 43. fxg4 hxg4 44. Kd7
Kf6 45. c4 Bg1 46. Bb4 Kf5 47. c5 Ke4 48. c6 Bb6 49. Bd6 Ke3 50. c7 Bxc7 51.
Bxc7 Kf2 52. g3 Kf3 53. Ke6 Ke4 54. Bf4 Kf3 55. Kf5 Kg2 56. Kxg4 Kh1 57. Kf5
Kg1 58. g4 Kh1 59. g5 Kg1 60. g6 Kh1 61. g7 Kg1 62. g8=Q+ Kh1 63. Qh7+ Kg1
64. Qh2+ Kf1 65. Bh6 Ke1 66. Be3 {Black resigns} 1-0

[Event "ICC tourney 2803 (60 5)"]
[Site "Internet Chess Club"]
[Date "2022.01.22"]
[Round "3"]
[White "SRIPADA, HAVISH:brilliantnessme"]
[Black "LIANG, ETHAN Y:ELCCEthan488"]
[Result "1/2-1/2"]
[ICCResult "Game drawn by the 50 move rule"]
[WhiteElo "1925"]
[BlackElo "1870"]
[Opening "Sicilian: Pelikan, Chelyabinsk variation"]
[ECO "B33"]
[NIC "SI.37"]
[Time "17:00:31"]
[PlyCount "234"]
[TimeControl "3600+5"]

1. e4 c5 2. Nf3 Nc6 3. d4 cxd4 4. Nxd4 Nf6 5. Nc3 e5 6. Ndb5 d6 7. Bg5 a6 8.
Na3 b5 9. Nd5 Be7 10. Bxf6 Bxf6 11. c3 Bg5 12. Nc2 Rb8 13. Be2 O-O 14. O-O
Be6 15. Nce3 Ne7 16. Nxe7+ Qxe7 17. Nd5 Qb7 18. a4 Bxd5 19. exd5 Rfc8 20.
axb5 axb5 21. Qb3 g6 22. Ra5 Rc5 23. Rd1 Kg7 24. Kf1 h5 25. Qa2 Qc8 26. Ra6
Bd8 27. Rxd6 Bb6 28. Qa3 Qc7 29. Rc6 Rxc6 30. dxc6 Qxc6 31. Qd6 Qxd6 32.
Rxd6 b4 33. cxb4 Bd4 34. b5 Rb6 35. Rc6 Kf8 36. Rc8+ Ke7 37. b4 Kd7 38. Rc2
Rb8 39. Bf3 Rb6 40. Bc6+ Kd6 41. Ke2 Rb8 42. Kd3 Rc8 43. Kc4 Rb8 44. Kb3 Ke6
45. Ka4 Bb6 46. Rd2 Rd8 47. Rxd8 Bxd8 48. b6 Bxb6 49. f3 h4 50. Kb5 Bg1 51.
h3 Kd6 52. Be8 Ke7 53. Bc6 Kd6 54. Ba8 Bf2 55. Ka6 f6 56. Bb7 Be3 57. Bc8
Kc7 58. Be6 Kd6 59. Bf7 g5 60. Bg6 Bd4 61. Kb5 Be3 62. Kc4 Kc6 63. b5+ Kd6
64. Kd3 Bd4 65. Ke4 Bf2 66. Bh7 Bg1 67. Bg8 Bf2 68. Bf7 Bg1 69. Be8 Bf2 70.
Bc6 Bg1 71. Kf5 Ke7 72. Kg6 Bf2 73. Be4 Be3 74. Bc2 Bd4 75. Kf5 Bg1 76. Bd3
Bf2 77. Bc4 Bg1 78. Kg6 Bf2 79. Bd5 Bg1 80. Be4 Bf2 81. Bb1 Bg1 82. Kf5 Bf2
83. Ba2 Bg1 84. Bb3 Bf2 85. Ba4 Bg1 86. Bd1 Bf2 87. Be2 Bg1 88. Ke4 Kd6 89.
Bf1 Bf2 90. Kf5 Ke7 91. Bd3 Bg1 92. Kg6 Bf2 93. Kg7 Be3 94. Kh7 Bf2 95. Kh6
Bg1 96. Kh5 Be3 97. Kg4 Bg1 98. Kf5 Bd4 99. Ke4 Kd6 100. Kf5 Ke7 101. Bc2
Bg1 102. Ba4 Bf2 103. Bb3 Bg1 104. Bg8 Bf2 105. Bh7 Bg1 106. Ke4 Kd6 107.
Bg6 Bf2 108. Kd3 Kc5 109. Be8 Bg1 110. Bd7 Kd6 111. Bc8 Bf2 112. Kc4 Bc5
113. Bf5 Bf2 114. Kb4 Bb6 115. Kc4 Bf2 116. Bc8 Bb6 117. Kd3 Bf2
{Game drawn by the 50 move rule}
1/2-1/2

[Event "ICC tourney 2803 (60 5)"]
[Site "Internet Chess Club"]
[Date "2022.01.22"]
[Round "3"]
[White "IVANOV, ALEXANDER:marble"]
[Black "DEMCHENKO, ANTON:Falstaf"]
[Result "1/2-1/2"]
[ICCResult "Game drawn because neither player has mating material"]
[WhiteElo "2396"]
[BlackElo "2654"]
[Opening "Sicilian: Nimzovich-Rossolimo attack (without ...d6)"]
[ECO "B30"]
[NIC "SI.31"]
[Time "17:00:14"]
[PlyCount "161"]
[TimeControl "3600+5"]

1. e4 c5 2. Nf3 Nc6 3. Bb5 Nf6 4. Nc3 Qc7 5. O-O a6 6. Bxc6 dxc6 7. a4 Bg4
8. a5 Nd7 9. h3 Bh5 10. d3 e6 11. Qe2 Be7 12. Qe3 O-O 13. Nd2 Rae8 14. f4 c4
15. Nxc4 Bc5 16. d4 Ba7 17. Qf2 e5 18. Be3 exf4 19. Bxf4 Qd8 20. Bd6 Ne5 21.
Bxe5 Rxe5 22. Nb6 Re7 23. Kh1 Bg6 24. e5 Bxb6 25. axb6 Qxb6 26. Na4 Qc7 27.
Nc5 a5 28. Rae1 Qd8 29. c3 Qd5 30. Qh4 Rfe8 31. Ne4 Bxe4 32. Qxe4 Qb3 33.
Rf2 f6 34. Kh2 fxe5 35. dxe5 Qe6 36. Rfe2 Rd7 37. Qe3 b5 38. Qg3 a4 39. Rf2
Rde7 40. Rf6 Qb3 41. Re2 Qc4 42. Ref2 Qd5 43. Rd6 Qe4 44. Rf4 Qb1 45. Rf2
Qe4 46. Rf4 Qxe5 47. Rxc6 Qd5 48. Rcf6 Re2 49. Rf2 h6 50. Rf8+ Rxf8 51. Rxe2
Rf1 52. Qe5 Qc4 53. Qe8+ Kh7 54. Qe4+ Qxe4 55. Rxe4 Rf5 56. Rb4 Kg6 57. c4
Rf4 58. Rxb5 Rxc4 59. b3 axb3 60. Rxb3 Rc5 61. Rg3+ Kf6 62. Rf3+ Rf5 63. Ra3
h5 64. h4 Rf4 65. Kh3 Rb4 66. Rf3+ Kg6 67. Rg3+ Kh6 68. Rc3 Ra4 69. Rb3 Ra1
70. Rb6+ g6 71. Rb7 Re1 72. g3 Re2 73. Ra7 Rf2 74. Rb7 Rf6 75. Ra7 g5 76.
hxg5+ Kxg5 77. Ra5+ Rf5 78. Rxf5+ Kxf5 79. Kh4 Kg6 80. g4 hxg4 81. Kxg4
{Game drawn because neither player has mating material}
1/2-1/2

[Event "ICC tourney 2803 (60 5)"]
[Site "Internet Chess Club"]
[Date "2022.01.23"]
[Round "4"]
[White "LI, DAVID TONGJIA:UltimateDL"]
[Black "SRIPADA, HAVISH:brilliantnessme"]
[Result "0-1"]
[ICCResult "White resigns"]
[WhiteElo "1886"]
[BlackElo "1925"]
[Opening "Sicilian: Prins (Moscow) variation"]
[ECO "B55"]
[NIC "SI.01"]
[Time "11:00:18"]
[PlyCount "70"]
[TimeControl "3600+5"]

1. e4 c5 2. Nf3 d6 3. d4 cxd4 4. Nxd4 Nf6 5. f3 e5 6. Nb3 d5 7. Bg5 Be6 8.
Bb5+ Nc6 9. exd5 Qxd5 10. Qxd5 Nxd5 11. c3 f6 12. Bd2 a6 13. Bd3 O-O-O 14.
O-O Nxc3 15. Nxc3 Rxd3 16. Rfd1 Bb4 17. Rab1 Bxb3 18. axb3 Rhd8 19. Be1 Rxd1
20. Rxd1 Rxd1 21. Nxd1 Bxe1 22. Ne3 Bb4 23. Nd5 Bc5+ 24. Kf1 Kd7 25. f4 Kd6
26. Nc3 exf4 27. Ke2 Nd4+ 28. Kd3 Nxb3 29. Kc4 Na5+ 30. Kd3 Ke5 31. Na2 Nc6
32. Nc3 f5 33. h4 Bd4 34. Na4 b5 35. Nb6 Bxb6 {White resigns} 0-1

[Event "ICC tourney 2803 (60 5)"]
[Site "Internet Chess Club"]
[Date "2022.01.23"]
[Round "4"]
[White "RAMASWAMY, PUDUR:clair"]
[Black "OPASKA, MICHAEL:mopaska1106"]
[Result "0-1"]
[ICCResult "White resigns"]
[WhiteElo "1764"]
[BlackElo "1874"]
[Opening "Queen's pawn, Mason variation"]
[ECO "D00"]
[NIC "QP.08"]
[Time "11:01:15"]
[PlyCount "108"]
[TimeControl "3600+5"]

1. d4 d5 2. Bf4 Nf6 3. e3 e6 4. Nf3 Bd6 5. Bg3 b6 6. Nbd2 Bb7 7. c3 O-O 8.
Ne5 c5 9. Bd3 Nc6 10. O-O Qe7 11. f4 Nd7 12. Qh5 g6 13. Qh3 Rfe8 14. Bh4 f6
15. Nxd7 Qxd7 16. Bxf6 Rf8 17. Be5 Nxe5 18. fxe5 Be7 19. Qh6 Rxf1+ 20. Rxf1
Bf8 21. Qh3 Bg7 22. Nf3 Re8 23. Ng5 Bf8 24. Rf6 a6 25. Bxg6 hxg6 26. Rxg6+
Bg7 27. Qh7+ Kf8 28. Rf6+ Bxf6 29. Qxd7 Bxg5 30. Qxb7 Bxe3+ 31. Kf1 cxd4 32.
cxd4 Bxd4 33. Qxa6 Kg8 34. Qb5 Rf8+ 35. Ke1 Rf5 36. Qe8+ Kg7 37. h4 Rxe5+
38. Kd1 Re4 39. h5 Bxb2 40. Qg6+ Kh8 41. g4 b5 42. h6 b4 43. g5 Bc3 44. Kc2
Re2+ 45. Kb3 Rb2+ 46. Ka4 Rxa2+ 47. Kb5 Ra7 48. Qxe6 b3 49. Qxd5 Ra5+ 50.
Kc4 Rxd5 51. Kxd5 b2 52. Kc4 b1=Q 53. Kxc3 Qc1+ 54. Kd4 Qxg5 {White resigns}
0-1

[Event "ICC tourney 2803 (60 5)"]
[Site "Internet Chess Club"]
[Date "2022.01.23"]
[Round "4"]
[White "LIANG, ETHAN Y:ELCCEthan488"]
[Black "Kodarapu, Ishaan:pika0008"]
[Result "1-0"]
[ICCResult "Black checkmated"]
[WhiteElo "1870"]
[BlackElo "1973"]
[Opening "QGD Slav defense: exchange variation"]
[ECO "D10"]
[NIC "SL.01"]
[Time "11:00:26"]
[PlyCount "107"]
[TimeControl "3600+5"]

1. d4 d5 2. c4 c6 3. cxd5 cxd5 4. Bf4 Nc6 5. Nc3 a6 6. e3 Nf6 7. Bd3 e6 8.
Rc1 Be7 9. Nf3 O-O 10. h3 Bd7 11. O-O Rc8 12. Na4 Nb4 13. Rxc8 Qxc8 14. Nb6
Qd8 15. Nxd7 Nxd7 16. Bb1 Qb6 17. a3 Nc6 18. Qe2 Rc8 19. Rc1 Qd8 20. Rc3 Na5
21. Qc2 Bc5 22. Qxh7+ Kf8 23. Bd6+ Bxd6 24. Rxc8 Qxc8 25. Qh8+ Ke7 26. Qxc8
Nc4 27. Qxb7 a5 28. Bd3 Kd8 29. Bxc4 dxc4 30. Qa6 Bc7 31. Ne5 Nxe5 32. dxe5
Kd7 33. Qxc4 Bxe5 34. Qb5+ Kd6 35. f4 Bf6 36. e4 Bd8 37. e5+ Ke7 38. b4 axb4
39. Qb7+ Ke8 40. axb4 f6 41. b5 fxe5 42. fxe5 g6 43. b6 g5 44. Qc6+ Ke7 45.
b7 g4 46. b8=Q gxh3 47. Qcd6+ Kf7 48. Qb7+ Kg6 49. Qxe6+ Kg5 50. Qg7+ Kf4
51. Qgg4+ Ke3 52. Qb3+ Kd2 53. Qd4+ Ke2 54. Qbd1# {Black checkmated} 1-0

[Event "ICC tourney 2803 (60 5)"]
[Site "Internet Chess Club"]
[Date "2022.01.23"]
[Round "4"]
[White "EHSANI, YASSAMIN:Blue-Elephant1"]
[Black "SHEEHAN, ETHAN THOMAS:Chessking2008"]
[Result "0-1"]
[ICCResult "White resigns"]
[WhiteElo "1980"]
[BlackElo "2197"]
[Opening "Queen's Indian: anti-Queen's Indian system"]
[ECO "E17"]
[NIC "QI.07"]
[Time "11:02:15"]
[PlyCount "40"]
[TimeControl "3600+5"]

1. d4 Nf6 2. c4 e6 3. Nf3 b6 4. g3 Bb7 5. Bg2 Be7 6. Nc3 O-O 7. Qc2 c5 8. e4
cxd4 9. Nxd4 Bb4 10. Ne2 Qc8 11. b3 d5 12. cxd5 exd5 13. e5 Ne4 14. Bxe4
dxe4 15. Be3 Ba6 16. a3 Bxe2 17. axb4 Bd3 18. Qb2 Nc6 19. Nd5 Qd7 20. Nf4
Nxb4 {White resigns} 0-1

[Event "ICC tourney 2803 (60 5)"]
[Site "Internet Chess Club"]
[Date "2022.01.23"]
[Round "4"]
[White "XIE, BRYAN:largecrab"]
[Black "Nguyen, Hoa Duc:leoman"]
[Result "0-1"]
[ICCResult "White resigns"]
[WhiteElo "2078"]
[BlackElo "2506"]
[Opening "King's Indian: London system"]
[ECO "A48"]
[NIC "QP.03"]
[Time "11:00:27"]
[PlyCount "122"]
[TimeControl "3600+5"]

1. d4 Nf6 2. Nf3 g6 3. Bf4 Bg7 4. e3 O-O 5. Be2 d6 6. h3 b6 7. O-O c5 8.
Nbd2 Bb7 9. c3 Nbd7 10. Bh2 a6 11. a4 Ra7 12. Bd3 Qa8 13. Qe2 Ne4 14. Nxe4
Bxe4 15. Bxe4 Qxe4 16. Nd2 Qc6 17. Qd3 Rfa8 18. b4 Rc8 19. bxc5 bxc5 20. d5
Qc7 21. Nc4 Rb8 22. Ra3 Nb6 23. Nxb6 Rxb6 24. c4 Rab7 25. e4 Rb2 26. Bf4 Qa5
27. Rd1 Bd4 28. Bd2 Qb6 29. Bc3 Bxc3 30. Qxc3 Re2 31. Re1 Rxe1+ 32. Qxe1 Qb2
33. Qc3 Qb1+ 34. Kh2 Rb4 35. e5 Qe4 36. exd6 Qf4+ 37. Qg3 Qxd6 38. Qxd6 exd6
39. Rc3 a5 40. Kg3 Rxa4 41. Kf3 Kf8 42. Ke3 Ke7 43. Kd3 Kd7 44. Rb3 Rb4 45.
Ra3 a4 46. Ra1 h5 47. h4 Ke7 48. Re1+ Kf6 49. Re8 Rb2 50. Ke3 Rc2 51. Re4 a3
52. Rf4+ Kg7 53. Kd3 Rc1 54. Kd2 a2 55. Kxc1 a1=Q+ 56. Kc2 Qe5 57. g3 Qe2+
58. Kc3 f6 59. Kb3 g5 60. hxg5 fxg5 61. Rf5 Qd3+ {White resigns} 0-1

[Event "ICC tourney 2803 (60 5)"]
[Site "Internet Chess Club"]
[Date "2022.01.23"]
[Round "4"]
[White "Belous, Vladimir:Openyagami"]
[Black "HEBDEN, MARK L:mhebden"]
[Result "1-0"]
[ICCResult "Black resigns"]
[WhiteElo "2577"]
[BlackElo "2505"]
[Opening "King's Indian: Makagonov system (5.h3)"]
[ECO "E71"]
[NIC "KI.30"]
[Time "11:00:24"]
[PlyCount "83"]
[TimeControl "3600+5"]

1. c4 Nf6 2. Nc3 g6 3. e4 d6 4. d4 Bg7 5. h3 O-O 6. Be3 Na6 7. g4 e5 8. d5
Nc5 9. Qc2 c6 10. b4 cxd5 11. cxd5 Na6 12. Qb3 h5 13. g5 Nh7 14. Nf3 f5 15.
Rg1 f4 16. Bd2 Bd7 17. h4 Nc7 18. Rc1 Rc8 19. Be2 Na6 20. a3 Qb6 21. Rh1 Rc7
22. Kf1 Rfc8 23. Kg2 Nc5 24. Qd1 Na6 25. Rc2 Rf8 26. Qb1 Rcc8 27. Rhc1 Qd8
28. Nb5 Rxc2 29. Rxc2 Qb8 30. Qc1 Rd8 31. Be1 Bf8 32. Nd2 Be7 33. f3 b6 34.
Bf2 Nf8 35. Rc3 Qb7 36. Qf1 Bc8 37. Kh2 Nd7 38. Qc1 Ndb8 39. Nxa7 Bd7 40.
Nc6 Re8 41. Nxe7+ Rxe7 42. Nc4 {Black resigns} 1-0

[Event "ICC tourney 2803 (60 5)"]
[Site "Internet Chess Club"]
[Date "2022.01.23"]
[Round "4"]
[White "WILSON, MATTHEW R:roamingmatt"]
[Black "Chin, Spencer:Baseballchamp"]
[Result "0-1"]
[ICCResult "White resigns"]
[WhiteElo "2200"]
[BlackElo "1801"]
[Opening "Sicilian defense"]
[ECO "B40"]
[NIC "SI.43"]
[Time "11:00:22"]
[PlyCount "84"]
[TimeControl "3600+5"]

1. e4 c5 2. Nf3 e6 3. b3 Nf6 4. e5 Nd5 5. c4 Nb6 6. Bb2 d6 7. exd6 Qxd6 8.
Nc3 Nc6 9. Ne4 Qf4 10. d3 Bd7 11. g3 Qc7 12. Bg2 O-O-O 13. O-O f6 14. Qe2 e5
15. Rfd1 Bg4 16. h3 Bh5 17. g4 Bg6 18. Nh4 Nd4 19. Bxd4 Rxd4 20. Nxg6 hxg6
21. Nc3 a6 22. a4 Bd6 23. a5 Nd7 24. Nd5 Qd8 25. Qf3 e4 26. dxe4 Be5 27.
Rxd4 Bxd4 28. Rd1 Ne5 29. Nb6+ Qxb6 30. axb6 Nxf3+ 31. Bxf3 Rxh3 32. Kg2 Rh8
33. g5 Rd8 34. Bg4+ Kb8 35. f4 fxg5 36. fxg5 Rd6 37. Re1 Be5 38. Rd1 Rxb6
39. Rd5 Bd6 40. e5 Be7 41. e6 Rd6 42. Rxc5 Rd2+ {White resigns} 0-1